 Dungeon Crawl Stone Soup version 0.31-a0-473-g61b50ae490 (webtiles) character file.

Game seed: 4120113641497830284

2673 pokeman the Thaumaturge (level 9, -3/51 HPs)
             Began as a Deep Elf Hedge Wizard on Aug 6, 2023.
             Slain by a sky beast (6 damage)
             ... on level 7 of the Dungeon.
             The game lasted 00:14:30 (6978 turns).

pokeman the Thaumaturge (Deep Elf Hedge Wizard)     Turns: 6978, Time: 00:14:30

Health: -3/51      AC:  6    Str:  7    XL:     9   Next: 37%
Magic:  22/25      EV: 13    Int: 30    God:
Gold:   170        SH:  0    Dex: 14    Spells: 21/29 levels left

rFire   . . .        G - +3 spear (venom)
rCold   . . .        (no shield)
rNeg    . . .        k - +2 robe
rPois   +            a - +0 helmet
rElec   .            g - +0 cloak
rCorr   .            (no gloves)
SInv    .            (no boots)
Will    .....        r - amulet of magic regeneration
Stlth   ++           u - ring of poison resistance
HPRegen 0.28/turn    s - +6 ring of intelligence
MPRegen 0.59/turn

%: no passive effects
@: no status effects
A: no striking features
a: no special abilities


You were on level 7 of the Dungeon.
You visited 1 branch of the dungeon, and saw 7 of its levels.

You collected 240 gold pieces.
You spent 70 gold pieces at shops.

Inventory:

Hand Weapons
 D - a +0 whip of electrocution
 G - a +3 spear of venom (weapon)
Armour
 a - a +0 helmet (worn)
 g - a +0 cloak (worn)
 k - a +2 robe (worn)
 w - a scarf of harm
 y - an orb of energy
Magical Staves
 t - a staff of earth
Jewellery
 o - a +6 ring of strength
 r - an amulet of magic regeneration (around neck)
 s - a +6 ring of intelligence (right hand)
 u - a ring of poison resistance (left hand)
 A - an amulet of guardian spirit
 F - an amulet of the acrobat
Wands
 C - a wand of charming (5)
Scrolls
 e - a scroll of butterflies {unknown}
 f - a scroll of noise {unknown}
 h - a scroll of brand weapon {unknown}
 i - 6 scrolls of identify
 j - a scroll of blinking {unknown}
 p - 3 scrolls of teleportation
 q - a scroll of acquirement {unknown}
 v - 2 scrolls of fog {unknown}
 x - 2 scrolls of immolation {unknown}
Potions
 b - 4 potions of haste {unknown}
 d - 4 potions of magic
 l - a potion of heal wounds {unknown}
 m - 4 potions of attraction {unknown}
 n - 2 potions of degeneration {unknown}
 z - a potion of curing {unknown}
 B - a potion of enlightenment {unknown}
 E - a potion of might {unknown}


   Skills:
 - Level 3.3 Fighting
 + Level 2.2 Armour
 - Level 3.0 Dodging
 - Level 3.0 Stealth
 * Level 10.9 Spellcasting
 + Level 7.5 Conjurations
 - Level 1.1 Summonings
 - Level 1.1 Translocations
 - Level 1.1 Air Magic
 + Level 4.8 Earth Magic
 - Level 1.1 Poison Magic
 - Level 1.0 Evocations


You had 21 spell levels left.
You knew the following spells:

 Your Spells              Type           Power      Damage    Failure   Level
a - Magic Dart            Conj           100%       1d8       1%          1
b - Mephitic Cloud        Conj/Pois/Air  36%        N/A       2%          3
c - Call Imp              Summ           46%        N/A       3%          2
d - Blink                 Tloc           46%        N/A       3%          2

Your spell library contained the following spells:

 Spells                   Type           Power      Damage    Failure   Level
 Momentum Strike          Conj/Tloc      84%        3d10      1%          2
 Static Discharge         Conj/Air       84%        2-6/arc   1%          2
 Slow                     Hex            64%        N/A       3%          1
 Cigotuvi's Dreadful Rot  Necr/Pois/Air  42%        N/A       3%          2
 Lesser Beckoning         Tloc           46%        N/A       3%          2
 Tukima's Dance           Hex            16%        N/A       10%         3
 Airstrike                Air            11%        2d(2-18)  21%         4
 Passage of Golubria      Tloc           23%        N/A       21%         4
 Summon Lightning Spire   Summ/Air       23%        N/A       21%         4
 Yara's Violent Unravell  Hex/Tmut       8%         3d5       65%         5


Dungeon Overview and Level Annotations

Branches:
Dungeon (7/15)
 Temple: D:4-7

Altars:
Dithmenos
Elyvilon
Hepliaklqana
Qazlal
Wu Jian

Shops:
D:3 ??[?

Annotations:
D:4 1 runed translucent door, MisterAzrael's ghost, amateur DjFE


Message History

Aiming: Magic Dart (safe; 1% risk of failure)
Press: ? - help, Shift-Dir - straight line, f/p - Menkaure
Aim: Menkaure (severely damaged, fast, 100% to hit)
The magic dart hits Menkaure but does no damage.
Menkaure is severely damaged.
Menkaure hits you!
* * * LOW HITPOINT WARNING * * *
Casting: Magic Dart (safe; 1% risk of failure)
Confirm with . or Enter, or press ? or * to list all spells.
Aiming: Magic Dart (safe; 1% risk of failure)
Press: ? - help, Shift-Dir - straight line, f/p - Menkaure
Aim: Menkaure (severely damaged, fast, 100% to hit)
The magic dart hits Menkaure.
Menkaure is severely damaged.
Menkaure barely misses you.
Unknown command.
Casting: Magic Dart (safe; 1% risk of failure)
Confirm with . or Enter, or press ? or * to list all spells.
Aiming: Magic Dart (safe; 1% risk of failure)
Press: ? - help, Shift-Dir - straight line, f/p - Menkaure
Aim: Menkaure (severely damaged, fast, 100% to hit)
The magic dart hits Menkaure.
Menkaure is almost destroyed.
Menkaure calls on the powers of darkness!
Your body is wracked with pain!
* * * LOW HITPOINT WARNING * * *
Something is bathed in an unholy light!
Casting: Magic Dart (safe; 1% risk of failure)
Confirm with . or Enter, or press ? or * to list all spells.
Aiming: Magic Dart (safe; 1% risk of failure)
Press: ? - help, Shift-Dir - straight line, f/p - Menkaure
Aim: Menkaure (almost destroyed, fast, 100% to hit)
The magic dart hits Menkaure.
You destroy Menkaure!
Unknown command.
You start resting.
Something hits you.
* * * LOW HITPOINT WARNING * * *
Something shocks you.
You die...

# ###.#
#.....################
#.....'.~.......@....#
..!...##############.#
..... #.# .##. #.# #
#.# #.# #.# #.#
#.############


There were no monsters in sight!

Vanquished Creatures
  Pikel (D:5)
  Menkaure (D:7)
  Edmund (D:5)
  A water moccasin (D:5)
  A sky beast (D:5)
  An orc warrior (D:7)
  2 black bears
  2 ogres
  2 lemures (D:5)
  2 centaurs (D:5)
  2 phantoms
  A bullfrog (D:6)
  A gnoll sergeant (D:6)
  2 scorpions (D:4)
  5 jellies
  A gnoll bouda (D:6)
  3 hounds
  An iguana (D:5)
  An orc wizard (D:3)
  16 gnolls
  7 adders
  2 ufetubi
  2 worms (D:2)
  5 dart slugs
  8 orcs
  7 endoplasms
  2 giant cockroaches (D:2)
  9 goblins
  7 hobgoblins
  7 jackals
  10 kobolds
  2 quokkas
  6 ball pythons
  6 bats
  3 frilled lizards (D:1)
  7 rats
  A spectral kobold (D:1)
138 creatures vanquished.

Vanquished Creatures (collateral kills)
  Sigmund (D:2)
  A gnoll (D:6)
2 creatures vanquished.

Grand Total: 140 creatures vanquished

Notes
Turn   | Place    | Note
-------+----------+-------------------------------------------
     0 | D:1      | pokeman the Deep Elf Hedge Wizard began the quest for the
                  | Orb.
     0 | D:1      | Reached XP level 1. HP: 10/10 MP: 7/7
   269 | D:1      | Reached XP level 2. HP: 16/16 MP: 7/9
   708 | D:1      | Reached skill level 5 in Spellcasting
   777 | D:1      | Found a faded altar of an unknown god.
   930 | D:1      | Reached XP level 3. HP: 20/20 MP: 6/11
   934 | D:1      | Learned a level 3 spell: Mephitic Cloud
   937 | D:1      | Learned a level 2 spell: Call Imp
   940 | D:1      | Learned a level 2 spell: Blink
  1509 | D:2      | Reached skill level 1 in Fighting
  1515 | D:2      | Reached skill level 1 in Armour
  1525 | D:2      | Reached XP level 4. HP: 14/25 MP: 3/13
  1847 | D:2      | Noticed Sigmund
  1864 | D:2      | Killed Sigmund
  1865 | D:2      | Reached XP level 5. HP: 20/29 MP: 11/15
  1960 | D:2      | Reached skill level 5 in Conjurations
  2179 | D:2      | Reached XP level 6. HP: 34/34 MP: 14/16
  2878 | D:3      | Found Desummu's Armour Shop.
  3047 | D:3      | Found Muxoom's Magic Scroll Shoppe.
  3050 | D:3      | Bought a scroll of teleportation for 42 gold pieces
  3098 | D:3      | Reached skill level 6 in Spellcasting
  3242 | D:3      | Found a stormy altar of Qazlal.
  3343 | D:3      | Found Bimpityiro's Magic Scroll Emporium.
  3350 | D:3      | Bought a scroll of identify for 28 gold pieces
  3394 | D:3      | Found Utish's Magic Scroll Shop.
  3785 | D:4      | Found a hazy altar of Hepliaklqana.
  3804 | D:4      | Reached skill level 1 in Air Magic
  3804 | D:4      | Reached skill level 1 in Poison Magic
  3894 | D:4      | Found a runed translucent door.
  3900 | D:4      | Reached XP level 7. HP: 29/38 MP: 17/19
  3900 | D:4      | Noticed MisterAzrael's ghost (amateur DjFE)
  4058 | D:4      | Found an ornate altar of the Wu Jian Council.
  4113 | D:4      | Found a white marble altar of Elyvilon.
  4153 | D:4      | Reached skill level 7 in Spellcasting
  4246 | D:4      | Reached skill level 1 in Earth Magic
  4793 | D:5      | Entered Level 5 of the Dungeon
  4815 | D:5      | Reached skill level 1 in Evocations
  5073 | D:5      | Reached skill level 8 in Spellcasting
  5258 | D:5      | Reached XP level 8. HP: 40/44 MP: 17/22
  5557 | D:5      | Noticed Edmund
  5572 | D:5      | Killed Edmund
  5629 | D:5      | Reached skill level 9 in Spellcasting
  5784 | D:5      | Noticed Pikel
  5803 | D:5      | Killed Pikel
  5898 | D:5      | Reached skill level 10 in Spellcasting
  5940 | D:5      | Reached XP level 9. HP: 43/51 MP: 25/25
  6833 | D:6      | Found a shadowy altar of Dithmenos.
  6948 | D:7      | Noticed Menkaure
  6976 | D:7      | Killed Menkaure
  6978 | D:7      | Slain by a sky beast

Illustrated notes

Levels and vault maps discovered:
D:1:      elethiomel_arrival_quiet, layout_loops_corners,
          dreamdust_ecumenical_altar_drowned_temple,
          chequers_serial_rivers_micro_c, nrook_campfire, minmay_strange_pillars
D:2:      minmay_skewed_foursquare, layout_basic, uniq_sigmund
D:3:      layout_basic, grunt_qazlal_clouds, serial_shops, shop, shop,
          nicolae_square_shop, nicolae_shop_rolled_up, minmay_misc_feat_square
D:4:      layout_basic, general_overflow_altar, lemuel_crystal_altar,
          ebering_ghost_reflecting_pool, dreamdust_wishing_well,
          minmay_misc_feat_nine_boxes, kennysheep_diamond
D:5:      layout_loops_ring, patterned_corridor, uniq_edmund, uniq_pikel
D:6:      layout_loops_ring, kennysheep_little_box
D:7:      layout_basic, minmay_temple_entry_drinking_statues, enter_bailey_3,
          chequers_serial_rivers_room_a, uniq_menkaure

Skill      XL: |  1  2  3  4  5  6  7  8  9 |
---------------+----------------------------+-----
Spellcasting   | 5 6 8 10 | 10.9
Fighting       | 1 2 3 |  3.3
Armour         | 1 2 |  2.2
Conjurations   | 2 4 5 6 7 |  7.5
Dodging        | 3 |  3.0
Stealth        | 3 |  3.0
Air Magic      | 1 |  1.1
Poison Magic   | 1 |  1.1
Earth Magic    | 2 4 |  4.8
Evocations     | 1 |  1.0
Summonings     | |  1.1
Translocations | |  1.1

Action                     |  1- 3 |  4- 6 |  7- 9 || total
---------------------------+-------+-------+-------++-------
  Melee: Dagger            |    23 |    40 |    69 ||   132
         Punch             |       |     3 |     1 ||     4
         Spear             |       |       |    32 ||    32
   Cast: Magic Dart        |    72 |    77 |   133 ||   282
         Mephitic Cloud    |     2 |     7 |    26 ||    35
         Call Imp          |     1 |     1 |     4 ||     6
         Blink             |       |       |     2 ||     2
   Stab: Sleeping          |     1 |       |       ||     1
         Confused          |     1 |     5 |    17 ||    23
         Distracted        |       |       |     1 ||     1
 Armour: Robe              |     3 |    11 |    22 ||    36
  Dodge: Dodged            |    16 |    23 |    70 ||   109

Table legend: (Time is in decaauts)
 A = Elapsed time spent in this place.
 B = Non-inter-level travel time spent in this place.
 C = Inter-level travel time spent in this place.
 D = Time resting spent in this place.
 E = Time spent auto-exploring this place.
 F = Levels seen in this place.
 G = Mean time per level.
                   A        B        C        D        E       F      G
               +--------+--------+--------+--------+--------+-----+--------+
         Total |   6981 |   6780 |    201 |    170 |   5635 |   7 |  997.3 |
       Dungeon |   6981 |   6780 |    201 |    170 |   5635 |   7 |  997.3 |
               +--------+--------+--------+--------+--------+-----+--------+

Top non-repeatable levels by time:
     D:1: 1490 daAuts
     D:5: 1424 daAuts
     D:2: 1336 daAuts
     D:4: 1068 daAuts
     D:3: 898 daAuts
     D:6: 655 daAuts
     D:7: 106 daAuts
